 Dungeon Crawl Stone Soup version 0.26.1-11-gd32895ea62 (webtiles) character file.

Game seed: 13921672627686296948

420 Mattiprrivan the Cudgeller (level 6, -6/62 HPs)
             Began as an Ogre Gladiator on Apr 24, 2021.
             Was an Initiate of Fedhas.
             Mangled by Duvessa
             ... wielding a +2 short sword of venom
              (10 damage)
             ... on level 4 of the Dungeon on Apr 25, 2021.
             The game lasted 00:33:39 (4202 turns).

Mattiprrivan the Cudgeller (Ogre Gladiator)         Turns: 4202, Time: 00:33:40

Health: -6/62      AC:  3    Str: 21    XL:     6   Next: 94%
Magic:  7/7        EV: 11    Int:  9    God:    Fedhas [......]
Gold:   230        SH:  0    Dex: 10    Spells: 5/5 levels left

rFire    . . .     SeeInvis .   a - +1 flail
rCold    . . .     Faith    .   (no shield)
rNeg     . . .     Spirit   .   b - +0 robe
rPois    .         Reflect  .   c - +0 hat
rElec    .         Harm     .   (no cloak)
rCorr    .         Rampage  .   (gloves unavailable)
Will     .....                  (boots unavailable)
Stlth    ++........             (no amulet)
HPRegen  0.20/turn              (no ring)
MPRegen  0.10/turn              (no ring)

@: lethally poisoned (-6 -> -17)
A: large, unfitting armour, tough skin 1
a: Renounce Religion


You were on level 4 of the Dungeon.
You worshipped Fedhas.
Fedhas was noncommittal.
You visited 1 branch of the dungeon, and saw 4 of its levels.

You collected 230 gold pieces.

Inventory:

Hand Weapons
 a - a +1 flail (weapon)
 g - a +1 spectral club
Missiles
 d - a boomerang of dispersal (quivered)
 j - 14 poisoned darts
 k - 2 silver boomerangs
Armour
 b - a +0 robe (worn)
 c - a +0 hat (worn)
Scrolls
 h - 2 scrolls of remove curse
 i - 4 scrolls of identify
Potions
 e - a potion of magic {unknown}
 f - a potion of brilliance


   Skills:
 * Level 4.1 Fighting
 * Level 0.2(3.1) Axes
 * Level 4.5(4.6) Maces & Flails
 * Level 0.2(3.1) Staves
 * Level 3.2 Throwing
 * Level 3.7 Dodging
 * Level 1.4 Stealth
 + Level 0.3 Unarmed Combat
 * Level 1.5 Invocations
 * Level 0.1 Evocations


You had 5 spell levels left.
You didn't know any spells.
Your spell library contained the following spells:

 Spells                   Type           Power        Failure   Level
 Magic Dart               Conj           0%           38%         1
 Searing Ray              Conj           0%           52%         2
 Dazzling Flash           Conj/Hex       0%           77%         3
 Fulminant Prism          Conj/Hex       0%           99%         4
 Iskenderun's Mystic Bla  Conj/Tloc      0%           99%         4


Dungeon Overview and Level Annotations

Branches:
Dungeon (4/15)             Temple (0/1) D:4

Altars:
Ashenzari
Dithmenos
Fedhas
Gozag
Kikubaaqudgha
Okawaru
Vehumet
Wu Jian
Xom
Zin

Annotations:
D:4 Duvessa


Innate Abilities, Weirdness & Mutations

You are too large for most types of armour.
You have tough skin. (AC +1)


Message History

Aim: Duvessa, wielding a +2 short sword of venom and wearing a +0 leather armour (moderately wounded, berserk, poisoned, 63% to hit)
You throw a curare-tipped dart. The curare-tipped dart hits Duvessa.
Duvessa looks even sicker.
Duvessa convulses.
Duvessa seems to slow down.
Duvessa is heavily wounded.
Duvessa hits you with a +2 short sword of venom!
* * * LOW HITPOINT WARNING * * *
You are lethally poisoned!
Okay, then.
* * * LOW HITPOINT WARNING * * *
You feel sick.
* * * LOW HITPOINT WARNING * * *
You feel sick. Duvessa barely misses you.
You see here a bubbling clear potion.
e - a bubbling clear potion
* * * LOW HITPOINT WARNING * * *
You feel sick.
Duvessa hits you with a +2 short sword of venom!
You die...
Fedhas appreciates your contribution to the ecosystem.

****,,*,**,,,,,,,,,,,,,,.#***
*,,..,,,,,,,,,,,,,,,,,.##
*,**.#******#########*#.##
*,***.#* ##.#_#.#_###... *,*
**.#* #_.#.#[#.#.8#.# *,*
**.## #_.....[.......
***,*#####.####.............
*,,,*#.......#_.#.#.#.#.8#..
*,,.##.....@$##.#_#.#⌠#.##..
*,,........e.#############.#
*,,......(..(..).# #.#
*,,.#..........### #.#
*,,,#......(...##### #.#
*,,,#..............## #.#
**,*#..........###..# ###.#
*,*#..........####.####....
*,*#.#####.#......>..##....


You could see Duvessa (berserk, very poisoned, slow).

Vanquished Creatures
  Dowan (D:4)
  2 hounds (D:4)
  An orc priest (D:4)
  3 orc wizards (D:4)
  Ijyb (D:4)
  Natasha (twice) (D:4)
  3 gnolls (D:4)
  An adder (D:3)
  3 oozes
  2 worms (D:3)
  2 dart slugs
  4 leopard geckos
  An orc (D:3)
  9 bats
  4 giant cockroaches
  9 hobgoblins
  2 jackals (D:3)
  2 ball pythons
  A frilled lizard (D:4)
  6 goblins
  11 kobolds
  7 rats
77 creatures vanquished.

Vanquished Creatures (others)
  4 plants (D:4)
4 creatures vanquished.

Grand Total: 81 creatures vanquished

Notes
Turn   | Place    | Note
-------+----------+-------------------------------------------
     0 | D:1      | Mattiprrivan the Ogre Gladiator began the quest for the
                  | Orb.
     0 | D:1      | Reached XP level 1. HP: 22/22 MP: 1/1
    69 | D:1      | Reached XP level 2. HP: 29/29 MP: 2/2
   556 | D:1      | Reached XP level 3. HP: 37/37 MP: 3/3
   900 | D:2      | Noticed an angel
   903 | D:2      | Found a glowing silver altar of Zin.
   904 | D:2      | Found a shimmering altar of Xom.
  1305 | D:2      | Found a broken altar of Ashenzari.
  1881 | D:3      | Reached XP level 4. HP: 39/45 MP: 4/4
  3074 | D:4      | Found a blossoming altar of Fedhas.
  3084 | D:4      | Became a worshipper of Fedhas Madash
  3089 | D:4      | Noticed Natasha
  3099 | D:4      | Killed Natasha
  3100 | D:4      | Reached skill level 1 in Stealth
  3100 | D:4      | Reached XP level 5. HP: 47/53 MP: 5/5
  3106 | D:4      | Noticed Natasha
  3120 | D:4      | Killed Natasha
  3181 | D:4      | Found a staircase to the Ecumenical Temple.
  3292 | D:4      | Noticed Ijyb
  3338 | D:4      | Found an ancient bone altar of Kikubaaqudgha.
  3338 | D:4      | Found an iron altar of Okawaru.
  3338 | D:4      | Found an opulent altar of Gozag.
  3338 | D:4      | Found a radiant altar of Vehumet.
  3339 | D:4      | Found a shadowy altar of Dithmenos.
  3619 | D:4      | Reached skill level 1 in Invocations
  3619 | D:4      | Reached XP level 6. HP: 39/62 MP: 6/6
  3766 | D:4      | Killed Ijyb
  3990 | D:4      | Found an ornate altar of the Wu Jian Council.
  4168 | D:4      | Noticed Dowan
  4187 | D:4      | Noticed Duvessa
  4195 | D:4      | Killed Dowan
  4202 | D:4      | Mangled by Duvessa

Illustrated notes

Levels and vault maps discovered:
D:1:      wander_arrival_abandoned_jail, layout_basic
D:2:      layout_basic, grunt_temple_overflow_order_and_chaos_1,
          nicolae_ashenzari_panopticon
D:3:      layout_loops_corners
D:4:      layout_rooms, minitemple, minmay_temple_entry_junction,
          fedhas_ov_isle_minmay, uniq_ijyb, uniq_duvessa, uniq_natasha

Skill      XL: |  1  2  3  4  5  6 |
---------------+-------------------+-----
Maces & Flails | 3 4 |  4.5
Dodging        | 3 |  3.7
Fighting       | 3 4 |  4.1
Stealth        | 1 |  1.4
Invocations    | 1 |  1.5
Throwing       | 3 |  3.2
Axes           | |  0.2
Staves         | |  0.2
Unarmed Combat | |  0.3
Evocations     | |  0.1

Action                   |  1- 3 |  4- 6 || total
-------------------------+-------+-------++-------
Melee: Flail             |   123 |   118 ||   241
       Unarmed           |       |    17 ||    17
       Club              |       |    12 ||    12
Throw: Throwing net      |     3 |     3 ||     6
       Dart              |       |    19 ||    19
       Boomerang         |       |    13 ||    13
  Use: Scroll            |     9 |     6 ||    15
       Potion            |     3 |     4 ||     7
 Stab: Sleeping          |     1 |     1 ||     2
       Held in net/web   |     1 |     2 ||     3
Armor: Robe              |    46 |    21 ||    67
       Skin              |       |     2 ||     2
Dodge: Dodged            |    85 |    87 ||   172
